 Dungeon Crawl Stone Soup version 0.28.0-53-g5a82cb258f (webtiles) character file.

Game seed: 16021181760486883534

6 Groucho the Scratcher (level 1, 0/9 HPs)
             Began as a Felid Transmuter on June 6, 2022.
             Constricted to death by a ball python (1 damage)
             ... on level 1 of the Dungeon.
             The game lasted 00:00:39 (263 turns).

Groucho the Scratcher (Felid Transmuter)             Turns: 263, Time: 00:00:39

Health: 0/9        AC:  1    Str:  6    XL:     1   Next: 75%
Magic:  3/4        EV: 14    Int: 14    God:
Gold:   48         SH:  0    Dex: 16    Spells: 3/4 levels left
                                        Lives:  0   Deaths: 0

rFire   . . .      SeeInvis +     - Unarmed
rCold   . . .      Faith    .   (shield unavailable)
rNeg    . . .      Spirit   .   (armour unavailable)
rPois   .          Reflect  .   (helmet unavailable)
rElec   .          Harm     .   (cloak unavailable)
rCorr   .          Rampage  .   (gloves unavailable)
Will    .....                   (boots unavailable)
Stlth   ++........              (no amulet)
HPRegen 0.03/turn               (no ring)
MPRegen 0.09/turn               (no ring)

@: appendages, constricted, quick
A: horns 2, very small, claws 1, fangs 3, see invisible, speed 1, shaggy fur 1,
stealthy paws, no weapons or thrown items, no armour, multi-lived
a: End Transformation


You were on level 1 of the Dungeon.
You had temporarily grown beastly horns.
You visited 1 branch of the dungeon, and saw 1 of its levels.

You collected 48 gold pieces.

Inventory:

Scrolls
 b - 2 scrolls of identify {unknown}
 d - a scroll of teleportation {unknown}
Potions
 a - 2 potions of heal wounds {unknown}
 c - a potion of might {unknown}


   Skills:
 - Level 1.0 Fighting
 - Level 2.6 Dodging
 * Level 2.2 Stealth
 - Level 3.0 Unarmed Combat
 - Level 2.0 Spellcasting
 - Level 2.1 Transmutations


You had 3 spell levels left.
You knew the following spells:

 Your Spells              Type           Power      Damage    Failure   Level
a - Beastly Appendage     Tmut           14%        N/A       10%         1

Your spell library contained the following spells:

 Spells                   Type           Power      Damage    Failure   Level
 Wereblood                Tmut           7%         N/A       14%         2
 Spider Form              Tmut/Pois      4%         N/A       41%         3
 Ice Form                 Ice/Tmut       4%         N/A       83%         4


Dungeon Overview and Level Annotations

Branches:
Dungeon (1/15)

Altars:


Innate Abilities, Weirdness & Mutations

You have temporarily grown beastly horns.
You have sharp claws.
You have razor-sharp teeth.
You have supernaturally acute eyesight. (SInv)
You cover ground quickly. (Speed+)
You are covered in fur. (AC +1)
Your paws help you pounce on unaware monsters.
You are incapable of wielding weapons or throwing items.
You cannot wear armour.
You gain extra lives every three experience levels.


Message History

The kobold shouts!
A kobold is nearby!
A kobold is nearby!
A ball python comes into view. x2
The ball python hisses angrily. x2
You scratch the kobold.
The kobold is moderately wounded.
The kobold barely misses you.
You closely miss the kobold.
The kobold is moderately wounded.
The kobold hits you with a +0 short sword.
You scratch the kobold.
You kill the kobold!
The ball python closely misses you. The ball python misses you.
Your Stealth skill increases to level 2!
You scratch the ball python.
The ball python is moderately wounded.
The ball python bites you. The ball python barely misses you.
The ball python closely misses you. The ball python grabs you.
The ball python constricts you.
The ball python bites you but does no damage.
You scratch the ball python.
The ball python is heavily wounded.
The ball python bites you. The ball python closely misses you.
The ball python constricts you.
You escape the ball python's grasp.
You barely miss the ball python.
The ball python is moderately wounded.
The ball python completely misses you. The ball python grabs you.
The ball python constricts you.
Casting: Beastly Appendage (safe; 10% risk of failure)
Confirm with . or Enter, or press ? or * to list all spells.
You grow a pair of large bovine horns.
The ball python barely misses you. The ball python constricts you.
You scratch the ball python but do no damage.
The ball python is moderately wounded.
The ball python bites you.
* * * LOW HITPOINT WARNING * * *
The ball python constricts you.
You die...

### ### #.. ..#
...#.# ####.#####
#.#.###.. ......
#..).##.###....#
#S...........#
#S###.###....# #.#
#@# #.###.#.####.#
#.###.##..........
#.........#..###..
#####.##.###.# #..
#.##.###.###.(
#######.##.##...##..
..............#.....
#############...###.
##.####.


You could see 2 ball pythons.

Vanquished Creatures
  A bat (D:1)
  2 hobgoblins (D:1)
  A kobold (D:1)
  A frilled lizard (D:1)
5 creatures vanquished.

Notes
Turn   | Place    | Note
-------+----------+-------------------------------------------
     0 | D:1      | Groucho the Felid Transmuter began the quest for the Orb.
     0 | D:1      | Reached XP level 1. HP: 9/9 MP: 4/4
    61 | D:1      | Reached skill level 1 in Stealth
   263 | D:1      | Constricted to death by a ball python

Illustrated notes

Levels and vault maps discovered:
D:1:      dpeg_arrival_arbitrary_c, layout_loops_ring, minmay_pentomino_u2

Skill      XL: |  1 |
---------------+----+-----
Stealth        | 2 |  2.2
Fighting       | |  1.0
Dodging        | |  2.6
Unarmed Combat | |  3.0
Spellcasting   | |  2.0
Transmutations | |  2.1

Action                   || total
-------------------------++-------
Melee: Unarmed           ||    18
       Punch             ||     1
 Cast: Beastly Appendage ||     1
Armor: Skin              ||     3
Dodge: Dodged            ||    12
